Map: 光影交错-天梯版

Players

柒海贰叁叁 - Winner!

  • Race: Terran Terran

血丿丶墨

  • Race: Terran Terran
  • League: Silver

VOD

Have the link to the VOD?

Description

Time

  • Played on: Sept. 15, 2021, 9:05 a.m.
  • Length: 17:20
Show
View Real Time Build Order
Export as new Build Order

柒海贰叁叁 Terran - Winner!

Build Orders:  

Get SALT Encoding   

  12  0:02  SCV  
  13  0:17  SCV, Supply Depot  
  14  0:30  SCV  
  15  0:40  Barracks  
  15  0:42  SCV  
  16  0:48  Refinery  
  16  0:55  SCV  
  17  1:08  SCV  
  18  1:20  SCV  
  19  1:31  Supply Depot  
  19  1:46  Orbital Command  
  19  1:47  Barracks Reactor  
  19  2:07  Command Center  
  19  2:14  SCV  
  20  2:20  Refinery  
  20  2:24  Factory  
  20  2:35  Marine  
  21  2:42  SCV  
  20  3:02  Marine  
  20  3:03  Marine  
  20  3:04  SCV  
  23  3:16  SCV  
  23  3:18  Factory Tech Lab  
  24  3:25  Starport  
  24  3:29  Engineering Bay  
  24  3:30  SCV  
  25  3:35  Marine x2  
  27  3:42  SCV  
  27  3:48  Refinery  
  29  3:49  Orbital Command  
  29  3:52  Marine  
  29  3:53  Marine  
  29  3:54  SCV  
  31  3:58  Siege Tank  
  34  4:06  SCV  
  35  4:10  Marine  
  35  4:11  Marine  
  35  4:12  Barracks  
  37  4:18  SCV  
  38  4:33  SCV  
  39  4:42  Refinery  
  39  4:45  SCV  
  40  4:50  Siege Tank  
  43  4:57  SCV  
  44  5:09  Barracks Reactor  
  44  5:11  Marine x2  
  46  5:25  Supply Depot  
  46  5:28  Supply Depot  
  46  5:31  Supply Depot  
  46  5:35  Supply Depot  
  46  5:45  Marine x2, SCV, Siege Tank  
  52  5:52  Supply Depot  
  52  6:06  SCV x2  
  52  6:09  Marine x3  
  52  6:10  Marine  
  58  6:16  Terran Infantry Weapons Level 1  
  58  6:18  SCV x2  
  60  6:25  Barracks  
  60  6:41  Ghost Academy  
  60  6:45  SCV x2  
  62  6:52  Medivac, Engineering Bay  
  64  7:04  Command Center  
  64  7:17  Armory  
  64  7:18  Personal Cloaking  
  64  7:22  Medivac  
  65  7:52  Medivac  
  67  8:08  Barracks Tech Lab  
  67  8:09  Marine  
  67  8:10  Marine x3  
  71  8:13  Terran Infantry Weapons Level 2  
  71  8:14  Terran Infantry Armor Level 1  
  71  8:16  Terran Vehicle Weapons Level 1  
  71  8:27  Marine  
  71  8:28  Marine x3  
  78  8:34  Siege Tank  
  78  8:35  Barracks  
  78  8:37  Barracks  
  78  8:42  Command Center  
  78  8:44  Nuke  
  78  8:45  Marine x3  
  78  8:46  Marine  
  84  8:59  SCV  
  85  9:03  Marine x2  
  85  9:06  Siege Tank  
  90  9:12  SCV  
  90  9:13  Command Center  
  90  9:14  Unknown  
  93  9:26  Medivac  
  95  9:42  Unknown  
  95  9:44  Marine x4  
  100  9:48  Marauder  
  100  9:50  Siege Tank  
  104  9:56  Medivac  
  104  9:57  Supply Depot  
  104  9:59  Stimpack  
  106  10:00  Supply Depot  
  106  10:02  Marine  
  107  10:09  Marauder  
  107  10:22  Siege Tank  
  110  10:30  Marauder  
  112  10:44  SCV x3  
  112  10:48  Marine x5  
  120  10:56  SCV x2  
  124  11:04  Marauder  
  124  11:05  Marine, Siege Tank  
  124  11:09  Medivac  
  130  11:13  Supply Depot  
  130  11:19  Supply Depot  
  130  11:22  Terran Infantry Weapons Level 3  
  130  11:23  Terran Infantry Armor Level 2  
  130  11:24  Terran Vehicle Weapons Level 2  
  132  11:25  Marauder  
  132  11:35  Supply Depot  
  132  11:38  Siege Tank  
  132  11:39  Medivac, Combat Shield  
  135  11:47  Marauder  
  135  11:58  Nuke  
  135  12:04  Orbital Command  
  137  12:08  Marauder  
  137  12:15  Refinery  
  136  12:17  Refinery  
  136  12:53  Marine x2  
  136  12:54  Marine x2  
  136  12:58  Unknown  
  142  13:00  Barracks Reactor  
  142  13:01  Barracks Reactor  
  142  13:26  Unknown  
  127  14:00  Marine  
  127  14:01  Marine x4  
  132  14:05  Marine  
  132  14:06  Marine x3  
  136  14:18  Marine  
  136  14:19  Marine x4  
  136  14:23  Marine x4  
  136  14:36  Marine x5  
  132  14:54  Marine x5  
  136  15:00  Marine x4  
  140  15:11  Marine  
  140  15:12  Marine x4  
  142  15:17  Marine  
  142  15:18  Marine x3  
  143  15:29  Marine  
  143  15:30  Marine x4  
  143  15:35  Marine  
  147  15:36  Marine x3  
  151  15:47  Marine  
  151  15:48  Marine x4  
  156  15:53  Marine  
  156  15:54  Marine x3  
  160  16:06  Marine  
  160  16:08  Marine x2  
  160  16:09  Marine x2  
  160  16:11  Marine x4  
  169  16:23  Marine  
  170  16:26  Marine x4  
  170  16:29  Marine x4  
  176  16:41  Marine  
  176  16:44  Marine x3  
Show
View Real Time Build Order
Export as new Build Order

血丿丶墨 Terran 

Build Orders:  

Get SALT Encoding   

  12  0:01  SCV  
  13  0:15  Supply Depot  
  13  0:18  SCV  
  14  0:30  SCV  
  15  0:37  Barracks  
  15  0:44  Refinery  
  15  0:55  Supply Depot  
  15  1:06  SCV  
  16  1:16  Engineering Bay  
  16  1:19  SCV  
  17  1:29  Reaper  
  19  1:34  Orbital Command  
  18  1:44  Refinery  
  18  2:01  Reaper  
  19  2:22  SCV, Factory  
  20  2:34  SCV  
  21  2:46  SCV  
  23  2:58  SCV  
  23  3:06  Factory Tech Lab  
  23  3:15  Starport x2  
  23  3:23  Missile Turret  
  21  3:43  Missile Turret  
  21  3:44  Barracks Reactor  
  21  3:46  Siege Tank  
  24  3:50  SCV  
  26  4:02  SCV  
  26  4:03  Viking  
  26  4:04  Missile Turret  
  28  4:18  Viking  
  30  4:24  Missile Turret, Marine  
  31  4:36  Bunker  
  31  4:48  Missile Turret  
  31  4:52  Supply Depot  
  31  4:57  Supply Depot  
  31  5:12  Starport Tech Lab  
  31  5:13  Starport Reactor, Marine x2  
  35  5:14  Widow Mine  
  35  5:15  Supply Depot  
  35  5:31  Marine  
  38  5:35  Widow Mine  
  38  5:37  Factory  
  38  5:44  Fusion Core  
  40  5:57  Widow Mine  
  40  6:11  Command Center  
  40  6:32  Infernal Pre-Igniter  
  40  6:36  Factory Reactor  
  46  6:55  Banshee  
  43  7:16  Hellion x2  
  47  7:28  Armory  
  47  7:37  Hellion x2  
  47  7:38  Banshee  
  54  8:25  Cloaking Field  
  54  8:30  Terran Vehicle And Ship Armor Level 1  
  54  8:49  Battlecruiser  
  60  9:19  SCV  
  60  9:23  Orbital Command  
  62  9:31  SCV  
  62  9:38  Hellion x2  
  66  9:43  SCV  
  67  9:58  Weapon Refit  
  67  9:59  Hellion x2  
  71  10:05  Hellion x2  
  71  10:11  Hellion x2  
  71  10:24  Terran Ship Weapons Level 1  
  71  10:31  Refinery  
  71  10:46  SCV x2  
  73  10:57  Refinery  
  73  10:58  Battlecruiser x2, SCV x2  
  87  11:10  SCV  
  87  11:11  SCV  
  89  11:22  SCV  
  84  12:24  Terran Vehicle And Ship Armor Level 2  
  84  12:35  Armory  
  84  12:59  Command Center  
  84  13:05  Battlecruiser  
  90  13:10  SCV x2  
  92  13:21  Supply Depot x2  
  92  13:22  SCV x2, Supply Depot  
  94  13:29  Missile Turret  
  94  13:30  Missile Turret  
  94  13:31  Missile Turret  
  94  13:32  Missile Turret  
  94  13:34  Missile Turret  
  94  13:41  SCV x2  
  74  13:50  Missile Turret x2  
  74  13:53  SCV  
  59  14:04  Battlecruiser  
  59  14:09  Battlecruiser  
  71  14:13  Refinery  
  49  14:57  Barracks  
  49  15:04  Armory  
  49  15:08  Fusion Core  
  49  15:13  Starport  
  45  15:15  Starport  
  19  15:59  Command Center  
  19  16:00  Refinery  
  19  16:02  Refinery  
  19  16:06  Supply Depot  
  19  16:08  Supply Depot  
  19  16:11  Supply Depot  
  19  16:14  Supply Depot x2  
  19  16:15  Supply Depot  
  19  16:32  Barracks Reactor  
  19  16:34  Starport Reactor  
Tags
 
Add a new tag
Caveats
  • Supply blocks, unpowered buildings, or Contaminate may cause inaccurate times.
  • Supply counts are checked every 10 seconds.